 Dungeon Crawl Stone Soup version 0.30.0-19-g36f170ea60 (webtiles) character file.

Game seed: 6421677717206938626

13183 MacCMillion the Zephyrmancer (level 12, 0/77 HPs)
             Began as a Tengu Air Elementalist on May 30, 2023.
             Was an Elder of Vehumet.
             Killed by their own static electricity (4 damage)
             ... on level 11 of the Dungeon.
             The game lasted 00:37:06 (15356 turns).

MacCMillion the Zephyrmancer (TeAE)                Turns: 15356, Time: 00:37:07

Health: 0/77       AC:  7    Str:  8    XL:     12   Next: 3%
Magic:  16/24      EV: 19    Int: 28    God:    Vehumet [****..]
Gold:   603        SH:  0    Dex: 14    Spells: 13/26 levels left

rFire   . . .        A - +2 dagger (venom)
rCold   . . .        (no shield)
rNeg    . . .        i - +2 leather armour {rPois}
rPois   +            (helmet restricted)
rElec   .            K - +0 cloak
rCorr   .            g - +0 pair of gloves
SInv    .            (boots unavailable)
Will    +....        j - amulet of regeneration
Stlth   ++           w - +6 ring of intelligence
HPRegen 1.12/turn    P - ring of willpower
MPRegen 0.19/turn

%: no passive effects
@: flying quickly and evasively, quick
A: beak, talons 3, nimble flight
a: Renounce Religion


You were on level 11 of the Dungeon.
You worshipped Vehumet.
Vehumet was greatly pleased with you.
You visited 1 branch of the dungeon, and saw 11 of its levels.
You also visited: Sewer.

You collected 733 gold pieces.
You spent 130 gold pieces at shops.

Inventory:

Hand Weapons
 A - a +2 dagger of venom (weapon)
Missiles
 D - 3 throwing nets
Armour
 g - a +0 pair of gloves (worn)
 i - a +2 leather armour of poison resistance (worn)
 K - a +0 cloak (worn)
 M - +0 steam dragon scales
Jewellery
 h - an amulet of the acrobat
 j - an amulet of regeneration (around neck)
 w - a +6 ring of intelligence (left hand)
 P - a ring of willpower (right hand)
Wands
 v - a wand of flame (27)
 C - a wand of mindburst (4)
 F - a wand of roots (6)
 O - a wand of acid (10)
Scrolls
 c - 2 scrolls of fear
 d - 2 scrolls of brand weapon
 e - 5 scrolls of teleportation
 l - 4 scrolls of enchant armour
 m - 6 scrolls of immolation {unknown}
 o - 2 scrolls of amnesia {unknown}
 r - a scroll of silence
 t - 2 scrolls of enchant weapon {unknown}
 u - 3 scrolls of poison {unknown}
 y - 3 scrolls of blinking {unknown}
 H - a scroll of vulnerability
 I - a scroll of magic mapping
 N - a scroll of noise {unknown}
 Q - 2 scrolls of identify
Potions
 a - a potion of flight {unknown}
 b - 2 potions of magic
 f - 4 potions of brilliance {unknown}
 k - 4 potions of curing
 n - 3 potions of lignification {unknown}
 p - 2 potions of ambrosia {unknown}
 q - 3 potions of might {unknown}
 s - 3 potions of heal wounds
 z - 2 potions of resistance {unknown}
 B - 3 potions of haste {unknown}
 G - a potion of degeneration {unknown}
 J - a potion of berserk rage {unknown}
 L - a potion of attraction {unknown}


   Skills:
 + Level 9.8 Fighting
 - Level 10.0 Dodging
 - Level 2.0 Stealth
 + Level 7.8 Spellcasting
 - Level 5.0 Conjurations
 - Level 13.0 Air Magic
 - Level 4.0 Poison Magic


You had 13 spell levels left.
You knew the following spells:

 Your Spells              Type           Power      Damage    Failure   Level
a - Shock                 Conj/Air       100%       1d9       1%          1
b - Static Discharge      Conj/Air       100%       2-7/arc   1%          2
c - Swiftness             Air            70%        N/A       1%          3
d - Airstrike             Air            35%        2d(5-21)  1%          4
e - Mephitic Cloud        Conj/Pois/Air  51%        N/A       1%          3

Your spell library contained the following spells:

 Spells                   Type           Power      Damage    Failure   Level
 Hailstorm                Conj/Ice       24%        3d7       2%          3
 Sandblast                Erth           20%        2d7       2%          1
 Stone Arrow              Conj/Erth      48%        3d10      2%          3
 Apportation              Tloc           20%        N/A       8%          1
 Necrotise                Necr           40%        1d6       8%          1
 Summon Small Mammal      Summ           40%        N/A       8%          1
 Passwall                 Tmut/Erth      8%         N/A       11%         2
 Call Canine Familiar     Summ           10%        N/A       22%         3
 Ozocubu's Armour         Ice            10%        N/A       22%         3
 Summon Guardian Golem    Hex/Summ       10%        N/A       22%         3
 Ozocubu's Refrigeration  Ice            5%         4d8       100%        7


Dungeon Overview and Level Annotations

Branches:
Dungeon (11/15)            Temple (0/1) D:5            Lair (0/5) D:10
  Sewer (visited)
    Orc: D:9-12

Altars:
Hepliaklqana
Kikubaaqudgha
Okawaru
Ru
Vehumet
Xom
Zin
The Shining One

Shops:
D:3 *   D:8 (

Portals:
Abyss: D:6

Annotations:
D:6 2 transporters, ymhsbmbesitwf's ghost, novice GrEE


Innate Abilities, Weirdness & Mutations

You have a beak for a mouth.
You have claws for feet.
Your magical nature lets you fly swiftly and evasively.


Message History

You feel your power returning.
You are struck by an arc of lightning.
The cyan ugly thing is struck by an arc of lightning.
The cyan ugly thing resists.
The cyan ugly thing is moderately wounded.
The lightning grounds out.
The cyan ugly thing barely misses you.
Unknown command.
The cyan ugly thing completely misses you.
Things that are here:
a howler monkey corpse; a howler monkey corpse The cyan ugly thing attacks as you move away!
The cyan ugly thing barely misses you.
The cyan ugly thing attacks as you move away!
The cyan ugly thing engulfs you. The cyan ugly thing shocks you!
* * * LOW HITPOINT WARNING * * *
The cyan ugly thing attacks as you move away!
The cyan ugly thing engulfs you but does no damage.
As you read the scroll of teleportation, it crumbles to dust.
You feel strangely unstable. The cyan ugly thing engulfs you.
* * * LOW HITPOINT WARNING * * *
The cyan ugly thing shocks you!
* * * LOW HITPOINT WARNING * * *
The cyan ugly thing attacks as you move away!
The cyan ugly thing barely misses you.
Your surroundings suddenly seem different.
A quasit comes into view.
The quasit gives a chilling moan.
Press: ? - help, v - describe, . - travel
Here: a quasit The floor.
Casting: Static Discharge (safe; 1% risk of failure)
Confirm with . or Enter, or press ? or * to list all spells.
The quasit is struck by an arc of lightning!
The quasit is severely wounded.
You are struck by an arc of lightning.
* * * LOW HITPOINT WARNING * * *
The quasit is struck by an arc of lightning.
You kill the quasit!
Vehumet accepts your kill.
You feel your power returning.
You are struck by an arc of lightning.
You die...

................#........
########........######...
......#...>.........#...
♣'..######.....#).. ♣#..#
#.....#).. #..# #..:..#... #..#
##....#... #########..# #....#...
.........@.# #....#...
...........# #....#... ..#
###''#....# #..).#... # #.# ....
#....# #....#... #.# ...
#....#######....#... #.# ..
#...............#..)
#.########........)......#...
#####..3.....................#...
.........................#####...


There were no monsters in sight!

Vanquished Creatures
  A centaur warrior (D:11)
  A boulder beetle (D:11)
  2 death yaks (D:10)
  2 two-headed ogres (D:10)
  2 sixfirhies (D:11)
  A smoke demon (D:11)
  A gargoyle (D:11)
  A kobold demonologist (D:10)
  A komodo dragon (D:10)
  A troll (D:10)
  A hellwing (D:11)
  Prince Ribbit (D:6)
  2 wraiths
  A shadow (D:5)
  A vampire (D:10)
  A wyvern (D:9)
  8 yaks (D:8)
  3 vampire mosquitoes
  2 steam dragons
  A water moccasin (D:6)
  An acid dragon (D:9)
  A sky beast (D:7)
  5 orc warriors
  An ice beast (D:7)
  A black bear (D:6)
  2 ogres (D:5)
  7 centaurs
  2 kobold brigands
  9 bullfrogs
  3 gnoll sergeants
  3 scorpions
  4 howler monkeys
  5 quasits (D:11)
  3 hounds
  10 orc priests
  A gnoll bouda (D:7)
  A sleepcap (D:4)
  Ijyb (D:3)
  10 orc wizards
  An iguana (D:5)
  Robin (D:3)
  29 gnolls
  10 adders
  8 river rats
  A shadow imp (D:7)
  A white imp (D:5)
  A worm (D:2)
  4 dart slugs
  23 orcs
  9 endoplasms
  7 giant cockroaches
  17 goblins
  6 hobgoblins
  2 jackals (D:2)
  34 kobolds
  7 quokkas
  12 ball pythons
  5 bats
  3 frilled lizards
  29 rats
  A butterfly (D:10)
315 creatures vanquished.

Vanquished Creatures (others)
  An orc wizard (D:9)
1 creature vanquished.

Grand Total: 316 creatures vanquished

Notes
Turn   | Place    | Note
-------+----------+-------------------------------------------
     0 | D:1      | MacCMillion the Tengu Air Elementalist began the quest for
                  | the Orb.
     0 | D:1      | Reached XP level 1. HP: 10/10 MP: 4/4
   188 | D:1      | Reached XP level 2. HP: 15/15 MP: 1/6
   668 | D:1      | Reached XP level 3. HP: 19/19 MP: 5/7
  1464 | D:2      | Reached XP level 4. HP: 23/24 MP: 3/9
  1644 | D:2      | Reached skill level 5 in Air Magic
  2021 | D:3      | Noticed a gnoll sergeant
  2463 | D:3      | Killed a gnoll sergeant
  2464 | D:3      | Gained mutation: Your magical nature lets you fly swiftly
                  | and evasively. [Tengu growth]
  2464 | D:3      | Reached XP level 5. HP: 19/28 MP: 0/10
  2776 | D:3      | Found Heomu's General Store.
  2820 | D:3      | Bought a scroll of identify for 26 gold pieces
  2820 | D:3      | Bought a potion of curing for 39 gold pieces
  2820 | D:3      | Bought a potion of heal wounds for 65 gold pieces
  2854 | D:3      | Reached XP level 6. HP: 30/32 MP: 6/12
  2919 | D:3      | Noticed Ijyb
  3050 | D:3      | Noticed Robin
  3124 | D:3      | Reached skill level 6 in Air Magic
  3126 | D:3      | Killed Robin
  3169 | D:3      | Learned a level 2 spell: Static Discharge
  3173 | D:3      | Learned a level 3 spell: Swiftness
  3178 | D:3      | Learned a level 4 spell: Airstrike
  3753 | D:4      | Noticed a sky beast
  4186 | D:4      | Reached skill level 5 in Conjurations
  4590 | D:5      | Entered Level 5 of the Dungeon
  4596 | D:5      | Reached skill level 7 in Air Magic
  4596 | D:5      | Reached XP level 7. HP: 34/36 MP: 10/14
  4654 | D:5      | Noticed a shadow
  4658 | D:5      | Killed a shadow
  4659 | D:5      | Reached skill level 8 in Air Magic
  4766 | D:5      | Reached skill level 9 in Air Magic
  4833 | D:5      | Found a glowing drain.
  4863 | Sewer    | Entered a sewer
  5784 | Sewer    | Reached XP level 8. HP: 41/41 MP: 11/15
  5808 | Sewer    | Reached skill level 10 in Air Magic
  5863 | Sewer    | Reached skill level 1 in Fighting
  6504 | D:5      | Found a radiant altar of Vehumet.
  6518 | D:5      | Became a worshipper of Vehumet
  6765 | D:5      | Found a staircase to the Ecumenical Temple.
  7012 | D:6      | Reached skill level 11 in Air Magic
  7162 | D:6      | Found a glowing golden altar of the Shining One.
  7207 | D:6      | Reached XP level 9. HP: 44/52 MP: 8/16
  7218 | D:6      | Reached skill level 5 in Dodging
  7392 | D:6      | Noticed Prince Ribbit
  7566 | D:6      | Reached * piety under Vehumet
  7566 | D:6      | Offered knowledge of Freeze by Vehumet.
  7948 | D:6      | Reached ** piety under Vehumet
  8087 | D:6      | Noticed a toenail golem
  8100 | D:6      | Found a transporter.
  8106 | D:6      | Found a one-way gate to the infinite horrors of the Abyss.
  8106 | D:6      | Noticed ymhsbmbesitwf's ghost (novice GrEE)
  8107 | D:6      | Found a transporter.
  8137 | D:6      | Noticed a worldbinder
  8137 | D:6      | Noticed a green ugly thing
  8198 | D:3      | Killed Ijyb
  8198 | D:3      | Offered knowledge of Foxfire by Vehumet.
  8313 | D:6      | Killed Prince Ribbit
  8369 | D:7      | Reached skill level 5 in Fighting
  8369 | D:7      | Reached skill level 12 in Air Magic
  9503 | D:8      | Found Emuad's Antique Weapon Shoppe.
  9586 | D:8      | Reached XP level 10. HP: 57/60 MP: 4/17
  9877 | D:8      | Found an ancient bone altar of Kikubaaqudgha.
  9964 | D:8      | Reached skill level 13 in Air Magic
 10473 | D:8      | Offered knowledge of Mephitic Cloud by Vehumet.
 10840 | D:9      | Reached *** piety under Vehumet
 11045 | D:9      | Reached skill level 5 in Spellcasting
 11183 | D:9      | Learned a level 3 spell: Mephitic Cloud
 11388 | D:9      | Found a sacrificial altar of Ru.
 11575 | D:9      | Reached skill level 1 in Poison Magic
 11733 | D:10     | Entered Level 10 of the Dungeon
 11750 | D:10     | Noticed a gargoyle
 11984 | D:10     | Noticed a kobold demonologist
 11987 | D:10     | Noticed a two-headed ogre
 11993 | D:10     | Killed a kobold demonologist
 12045 | D:10     | Killed a two-headed ogre
 12045 | D:10     | Offered knowledge of Hailstorm by Vehumet.
 12046 | D:10     | Reached XP level 11. HP: 68/68 MP: 11/20
 12250 | D:10     | Found a shimmering altar of Xom.
 12372 | D:10     | Found a glowing silver altar of Zin.
 12373 | D:10     | Found a hazy altar of Hepliaklqana.
 12409 | D:10     | Identified the +1 leather armour of Philately {Will++}
 12457 | D:10     | Noticed a death yak
 12521 | D:10     | Found an iron altar of Okawaru.
 12914 | D:11     | Noticed a sixfirhy
 12937 | D:11     | Killed a sixfirhy
 13103 | D:11     | Noticed a centaur warrior
 13109 | D:11     | Killed a centaur warrior
 13246 | D:11     | Noticed a sixfirhy
 13249 | D:11     | Noticed a two-headed ogre
 13253 | D:11     | Killed a sixfirhy
 13312 | D:10     | Noticed a death yak
 13502 | D:10     | Killed a death yak
 13618 | D:10     | Found a staircase to the Lair.
 13619 | D:10     | Noticed a death yak
 13701 | D:10     | Killed a death yak
 14185 | D:10     | Killed a two-headed ogre
 14186 | D:10     | Reached skill level 10 in Dodging
 14808 | D:11     | Noticed a boulder beetle
 14819 | D:11     | Killed a boulder beetle
 15101 | D:11     | Noticed a boulder beetle
 15144 | D:11     | Reached **** piety under Vehumet
 15146 | D:11     | Reached XP level 12. HP: 66/77 MP: 20/24
 15356 | D:11     | Killed from afar by themself

Illustrated notes

Levels and vault maps discovered:
D:1:      psy_arrival_statuary, layout_basic
D:2:      layout_basic, serial_glass, glass_columns_a, glass_columns_c,
          glass_columns_a, glass_columns_a, glass_columns_a, glass_columns_a,
          glass_columns_a, glass_columns_b, glass_columns_b, glass_columns_b,
          feat_on_display, feat_on_display
D:3:      layout_rooms, serial_shops, nicolae_shop_tiny_glass, uniq_ijyb,
          uniq_robin
D:4:      layout_loops_ring
D:5:      layout_cave_pools, overflow_temple_1_default,
          minmay_temple_entry_stoned_glass, gup_sewer_entry_pipe
D:6:      kennysheep_kobold_camp, layout_rooms, tso_metal_star,
          gammafunk_ghost_abyssal_escape, uniq_prince_ribbit1
D:7:      layout_basic, eino_tiny_chamber
D:8:      layout_gridville, marbit_many_paths, nicolae_stop_n_shop_1
D:9:      layout_cave_pools, mainiacjoe_overflow_brackets, kennysheep_donut,
          fungi_pond_lemuel
D:10:     layout_layer_cave, xom_butterflies,
          hellmonk_okawaru_the_only_friend_you_need,
          mainiacjoe_overflow_divided_tiny, dpeg_lair_monsters, hive_lemuel
D:11:     layout_irregular_city, david_orc_4, serial_demonic, serial_demonic_a,
          serial_demonic_g, serial_demonic_c, serial_demonic_g,
          serial_demonic_a, serial_demonic_b

Skill      XL: |  1  2  3  4  5  6  7  8  9 10 11 |
---------------+----------------------------------+-----
Conjurations   | 2 3 4 5 |  5.0
Air Magic      | 5 7 9 11 12 13 | 13.0
Spellcasting   | 3 4 5 7 |  7.8
Fighting       | 3 5 7 9 |  9.8
Dodging        | 4 7 9 10 | 10.0
Poison Magic   | 2 4 |  4.0
Stealth        | |  2.0

Action                     |  1- 3 |  4- 6 |  7- 9 | 10-12 || total
---------------------------+-------+-------+-------+-------++-------
  Melee: Unarmed           |     3 |       |       |       ||     3
         Dagger            |    10 |     9 |    10 |    12 ||    41
         Kick              |     4 |     3 |     4 |     4 ||    15
         Peck              |     3 |     1 |     1 |     1 ||     6
   Cast: Shock             |    69 |   129 |   228 |   112 ||   538
         Static Discharge  |       |     5 |    59 |    69 ||   133
         Airstrike         |       |       |     8 |    66 ||    74
    Use: Scroll            |       |     4 |     1 |     8 ||    13
         Potion            |       |       |       |     2 ||     2
   Stab: Sleeping          |     1 |       |       |       ||     1
         Invisible         |       |       |       |     1 ||     1
 Armour: Leather armour    |     4 |    11 |    19 |    24 ||    58
  Dodge: Dodged            |     8 |    13 |    88 |   106 ||   215
